 Dungeon Crawl Stone Soup version 0.30-a0-125-g51eefa89be (webtiles) character file.

Game seed: 9546093698969965581

22495 reed the Protected (level 12, -5/116 HPs)
             Began as a Minotaur Fighter on Sept 16, 2022.
             Slain by a merfolk impaler
             ... wielding a +2 trident of flaming
              (11 damage)
             ... on level 1 of the Shoals on Sept 18, 2022.
             The game lasted 01:38:40 (19335 turns).

reed the Protected (Minotaur Fighter)              Turns: 19335, Time: 01:38:40

Health: -5/116     AC: 23    Str: 24    XL:     12   Next: 63%
Magic:  11/11      EV:  6    Int:  5    God:
Gold:   806        SH: 11    Dex: 12    Spells: 11/11 levels left

rFire   + . .      SeeInvis .    b - +1 morningstar
rCold   + . .      Faith    .    F - +1 kite shield {rC+ rF+}
rNeg    . . .      Spirit   .    n - +0 plate armour
rPois   .          Reflect  .    (helmet restricted)
rElec   .          Harm     .    e - +0 cloak
rCorr   .          Rampage  .    m - +0 pair of gloves
Will    .....                    (no boots)
Stlth   ..........               (no amulet)
HPRegen 0.29/turn                D - +4 ring of protection
MPRegen 0.12/turn                p - ring of flight

@: about to teleport, flying
A: horns 2, retaliatory headbutt
a: no special abilities


You were on level 1 of the Shoals.
You visited 4 branches of the dungeon, and saw 15 of its levels.
You also visited: Sewer.

You collected 806 gold pieces.

Inventory:

Hand Weapons
 a - a +1 war axe
 b - a +1 morningstar (weapon)
Missiles
 f - 10 javelins
 g - a curare-tipped dart
 r - 38 poisoned darts
 A - 3 boomerangs
 J - 2 silver boomerangs
Armour
 e - a +0 cloak (worn)
 m - a +0 pair of gloves (worn)
 n - a +0 plate armour (worn)
 q - the +0 kite shield of Kionyleh {rN+ Will+}
   (You acquired it on level 4 of the Dungeon)

   rN:        It protects you from negative energy.
   Will:      It increases your willpower.
 F - a +1 kite shield of resistance (worn)
 G - a +0 chain mail
Jewellery
 c - a ring of fire
 k - a +6 ring of dexterity
 p - a ring of flight (right hand)
 y - a ring of see invisible
 z - a ring of willpower
 C - a ring of resist corrosion
 D - a +4 ring of protection (left hand)
 L - the ring of Thoughtfulness {rPois Str+6 Dex+4}
   (You took it off a centaur on level 2 of the Lair of Beasts)

   [ring of strength]

   Str:       It affects your strength (+6).
   Dex:       It affects your dexterity (+4).
   rPois:     It protects you from poison.
Wands
 d - a wand of iceblast (4)
 x - a wand of quicksilver (10)
 E - a wand of mindburst (8) (quivered)
 K - a wand of charming (3)
Scrolls
 h - a scroll of poison
 j - 2 scrolls of silence
 w - 3 scrolls of magic mapping
 H - a scroll of torment {unknown}
 M - a scroll of immolation
Potions
 i - a potion of flight {unknown}
 l - 4 potions of brilliance
 o - a potion of lignification
 s - a potion of degeneration
 v - 2 potions of magic
 B - 3 potions of attraction
 I - 2 potions of ambrosia


   Skills:
 + Level 13.8 Fighting
 - Level 8.3(10.8) Axes
 + Level 11.0(12.1) Maces & Flails
 - Level 4.0 Throwing
 + Level 13.9 Armour
 + Level 8.4 Shields
 - Level 4.0 Evocations


You had 11 spell levels left.
You didn't know any spells.
Your spell library contained the following spells:

 Spells                   Type           Power      Damage    Failure   Level
 Apportation              Tloc           0%         N/A       100%        1
 Freeze                   Ice            0%         1d3       100%        1
 Magic Dart               Conj           0%         1d3       100%        1
 Cigotuvi's Dreadful Rot  Necr/Pois/Air  0%         N/A       100%        2
 Searing Ray              Conj           0%         2d4       100%        2
 Sublimation of Blood     Necr           0%         N/A       100%        2
 Wereblood                Tmut           0%         N/A       100%        2
 Frozen Ramparts          Ice            0%         1d1       100%        3
 Gell's Gravitas          Tloc           0%         N/A       100%        3
 Teleport Other           Tloc           0%         N/A       100%        3
 Dispel Undead            Necr           0%         3d6       100%        4
 Fulminant Prism          Conj/Hex       0%         3d6       100%        4
 Hailstorm                Conj/Ice       0%         3d3       100%        4
 Ice Form                 Ice/Tmut       0%         N/A       100%        4
 Petrify                  Tmut/Erth      0%         N/A       100%        4
 Alistair's Intoxication  Tmut/Pois      0%         N/A       100%        5
 Irradiate                Conj/Tmut      0%         3d11      100%        5
 Death Channel            Necr           0%         N/A       100%        6
 Dispersal                Tloc           0%         N/A       100%        6


Dungeon Overview and Level Annotations

Branches:
Dungeon (10/15)            Temple (1/1) D:6            Lair (2/5) D:10
 Shoals (2/4) Lair:2       Spider (0/4) Lair:2        Sewer (visited)
    Orc: D:9-12

Altars:
Ashenzari
Cheibriados
Dithmenos
Elyvilon
Fedhas
Gozag
Hepliaklqana
Kikubaaqudgha
Makhleb
Nemelex Xobeh
Okawaru
Qazlal
Ru
Sif Muna
Trog
Vehumet
Wu Jian
Xom
Yredelemnul
Zin
The Shining One
Lugonu

Annotations:
D:8 2 transporters
D:10 exclusion: 2 statues


Innate Abilities, Weirdness & Mutations

You have a pair of horns on your head.
You reflexively headbutt those who attack you in melee.


Message History

You hit the merfolk impaler.
The merfolk impaler is lightly wounded.
The merfolk impaler hits you with a +2 trident of flaming!
The merfolk impaler burns you.
You miss the merfolk impaler.
Your headbutt misses the merfolk impaler.
The merfolk impaler is lightly wounded.
The merfolk impaler hits you but does no damage. x2
You barely miss the merfolk impaler.
The merfolk impaler is lightly wounded.
The merfolk impaler barely misses you. You block the merfolk impaler's attack.
You miss the merfolk impaler.
Your headbutt misses the merfolk impaler.
The merfolk impaler is lightly wounded.
You block the merfolk impaler's attack.
You barely miss the merfolk impaler.
Your headbutt misses the merfolk impaler.
The merfolk impaler hits you with a +2 trident of flaming!
The merfolk impaler burns you.
The merfolk impaler hits you with a +2 trident of flaming!
The merfolk impaler burns you.
You closely miss the merfolk impaler.
Your headbutt misses the merfolk impaler.
You block the merfolk impaler's attack.
The merfolk impaler hits you but does no damage.
You miss the merfolk impaler. You headbutt the merfolk impaler!
The merfolk impaler is lightly wounded.
The merfolk impaler hits you but does no damage.
The merfolk impaler hits you with a +2 trident of flaming!
The merfolk impaler burns you.
As you read the scroll of teleportation, it crumbles to dust.
You feel strangely unstable. The merfolk impaler barely misses you.
The merfolk impaler hits you from afar with a +2 trident of flaming!!
* * * LOW HITPOINT WARNING * * *
The merfolk impaler burns you.
* * * LOW HITPOINT WARNING * * *
The merfolk impaler hits you from afar with a +2 trident of flaming!
* * * LOW HITPOINT WARNING * * *
The merfolk impaler hits you from afar with a +2 trident of flaming!
You die...

~~~~~~~~~..........###.)...
~~~~~~~~~..............##..
~~~~~~~~~...PP..~~~...#####
~~~~~~~~~~.PP...~~~..## #
~~~~#####).~~~~~~....# ~~#
#)##~~~~~~~..#### ~
#)m##~~~~~~~P...##
#~~~#≈P~~P~..~...#
#~~@##≈~~P~P~~...#
#~~~~##~~P~~.P...#
##~~~8#~~~~~.....#
##~~##≈≈≈≈≈P~P.....
#~~8#≈≈≈≈≈PP~~..##
#~~##≈≈≈≈≈~~P~..#
+~~##≈≈≈≈~~..~..#
+~~##≈≈≈≈≈~~~~~...
#≈≈≈≈≈≈≈≈~~~~~


You could see a merfolk impaler.

Vanquished Creatures
  2 sea snakes
  Pikel (D:3)
  3 fauns (Shoals:1)
  A cyclops (Shoals:1)
  A manticore (Shoals:1)
  Joseph (Lair:1)
  4 black mambas
  3 cane toads
  2 komodo dragons (Lair:1)
  A rime drake (Lair:2)
  A queen bee (Lair:1)
  3 merfolk (Shoals:1)
  A polar bear (Lair:2)
  7 blink frogs
  2 wind drakes
  Prince Ribbit (D:6)
  4 snapping turtles
  4 dream sheep
  3 water elementals
  A culicivora (Lair:2)
  A wyvern (D:9)
  24 yaks
  Eustachio (D:4)
  2 steam dragons
  2 basilisks
  2 wargs (D:10)
  4 water moccasins
  8 orc warriors
  An ice beast (D:7)
  Pargi (Sewer)
  2 black bears
  A sky beast (D:8)
  4 wolves (D:10)
  An ogre (D:5)
  3 centaurs (Lair:2)
  4 lemures
  A phantom (D:6)
  A gnoll sergeant (D:6)
  5 bullfrogs
  3 kobold brigands
  2 necrophages
  2 scorpions (D:4)
  10 wights
  15 killer bees (Lair:1)
  8 howler monkeys
  9 orc priests
  2 gnoll boudas
  3 hounds
  Ijyb (D:5)
  4 iguanas
  10 orc wizards
  Robin (D:4)
  12 gnolls
  6 adders
  3 river rats (D:3)
  2 shadow imps
  3 white imps
  An ufetubus (D:4)
  3 worms (D:3)
  4 dart slugs
  52 orcs
  8 endoplasms
  4 giant cockroaches
  24 goblins
  10 hobgoblins
  12 jackals
  3 quokkas
  5 ball pythons
  4 bats
  9 frilled lizards
  29 kobolds
  14 rats
392 creatures vanquished.

Vanquished Creatures (collateral kills)
  A cane toad (D:10)
  2 yaks (D:10)
3 creatures vanquished.

Vanquished Creatures (others)
  A wight (D:8)
  2 orc wizards
  A rat (D:3)
  8 fungi
  68 plants
80 creatures vanquished.

Grand Total: 475 creatures vanquished

Notes
Turn   | Place    | Note
-------+----------+-------------------------------------------
     0 | D:1      | reed the Minotaur Fighter began the quest for the Orb.
     0 | D:1      | Reached XP level 1. HP: 19/19 MP: 0/0
   258 | D:1      | Reached XP level 2. HP: 27/27 MP: 1/1
   703 | D:1      | Reached XP level 3. HP: 33/33 MP: 2/2
  1362 | D:2      | Reached skill level 1 in Throwing
  1457 | D:2      | Reached XP level 4. HP: 40/40 MP: 3/3
  2077 | D:3      | Noticed a necrophage
  2085 | D:3      | Killed a necrophage
  2086 | D:3      | Reached XP level 5. HP: 44/47 MP: 4/4
  2115 | D:3      | Found a glowing drain.
  2144 | Sewer    | Entered a sewer
  2299 | Sewer    | Noticed Pargi
  2311 | Sewer    | Killed Pargi
  2312 | Sewer    | Reached skill level 5 in Armour
  2312 | Sewer    | Reached XP level 6. HP: 34/55 MP: 5/5
  2594 | D:3      | Reached skill level 5 in Fighting
  2594 | D:3      | Reached skill level 5 in Shields
  2747 | D:3      | Found a faded altar of an unknown god.
  2917 | D:4      | Identified a scroll of acquirement
  2917 | D:4      | Acquired the +0 kite shield of Kionyleh {rN+ Will+}
  2972 | D:4      | Noticed Robin
  2995 | D:4      | Killed Robin
  3376 | D:4      | Reached XP level 7. HP: 61/61 MP: 6/6
  3380 | D:4      | Noticed Eustachio
  3396 | D:4      | Killed Eustachio
  3546 | D:4      | Noticed Pikel
  3885 | D:3      | Killed Pikel
  3886 | D:3      | Reached skill level 5 in Axes
  3886 | D:3      | Reached XP level 8. HP: 6/70 MP: 7/7
  4541 | D:5      | Entered Level 5 of the Dungeon
  4604 | D:5      | Found a broken altar of Ashenzari.
  4631 | D:5      | Found an opulent altar of Gozag.
  4631 | D:5      | Found an iron altar of Okawaru.
  4662 | D:5      | Found a hazy altar of Hepliaklqana.
  4811 | D:5      | Found a basalt altar of Yredelemnul.
  5142 | D:5      | Noticed Ijyb
  5175 | D:5      | Killed Ijyb
  6562 | D:6      | Reached skill level 1 in Evocations
  6769 | D:6      | Reached XP level 9. HP: 54/79 MP: 8/8
  6992 | D:6      | Noticed Prince Ribbit
  7007 | D:6      | Killed Prince Ribbit
  7244 | D:6      | Found a staircase to the Ecumenical Temple.
  7349 | D:6      | Found a stormy altar of Qazlal.
  7776 | Temple   | Entered the Ecumenical Temple
  8229 | D:7      | Got the Secrets of Transmutation
  8716 | D:8      | Noticed a red ugly thing
  8718 | D:8      | Found a transporter.
  8719 | D:8      | Noticed a purple ugly thing
  8720 | D:8      | Found a corrupted altar of Lugonu.
  9218 | D:8      | Reached skill level 1 in Maces & Flails
  9218 | D:8      | Reached XP level 10. HP: 58/90 MP: 9/9
  9392 | D:8      | Found a transporter.
  9563 | D:8      | Found a shimmering blue altar of Sif Muna.
  9625 | D:8      | Found a glowing golden altar of the Shining One.
 10775 | D:9      | Found an ornate altar of the Wu Jian Council.
 10859 | D:9      | Found a snail-covered altar of Cheibriados.
 10860 | D:9      | Found a bloodstained altar of Trog.
 11122 | D:10     | Entered Level 10 of the Dungeon
 11130 | D:10     | Noticed an archer statue
 11130 | D:10     | Noticed an archer statue
 11232 | D:10     | Reached skill level 10 in Armour
 11524 | D:10     | Reached skill level 10 in Fighting
 11733 | D:10     | Found a staircase to the Lair.
 11742 | Lair:1   | Entered Level 1 of the Lair of Beasts
 11742 | Lair:1   | Noticed a cane toad
 11799 | D:10     | Reached skill level 5 in Maces & Flails
 12069 | D:10     | Killed a cane toad
 12127 | Lair:1   | Noticed a black mamba
 12144 | Lair:1   | Killed a black mamba
 12145 | Lair:1   | Reached XP level 11. HP: 31/101 MP: 10/10
 13135 | Lair:1   | Noticed Joseph
 13152 | Lair:1   | Killed Joseph
 13166 | Lair:1   | HP: 5/100 [black mamba (1)]
 14258 | Lair:2   | Found a hole to the Spider Nest.
 14521 | Lair:2   | Upgraded the game from 0.30-a0-122-g2a1322497e to
                  | 0.30-a0-125-g51eefa89be
 14607 | Lair:2   | Identified the ring of Thoughtfulness {rPois Str+6 Dex+4}
 15838 | Lair:2   | Found a staircase to the Shoals.
 15938 | Lair:2   | Reached XP level 12. HP: 113/113 MP: 11/11
 16812 | Shoals:1 | Entered Level 1 of the Shoals
 17228 | Lair:2   | Reached skill level 10 in Maces & Flails
 17853 | Shoals:1 | Noticed a merfolk avatar
 19285 | Shoals:1 | Noticed a merfolk impaler
 19335 | Shoals:1 | Slain by a merfolk impaler

Illustrated notes

Levels and vault maps discovered:
D:1:      shiori_arrival_oz, layout_loops_corners, kennysheep_small_spiral,
          columned_hall_lemuel, amcnicky_mini_pool_small
D:2:      layout_basic
D:3:      layout_rooms, ebering_ecumenical_altar_hall, portal_sewer_entry_b
D:4:      nicolae_cairo_tiling_large, layout_gridville, serial_bayou_ford_a,
          uniq_eustachio, uniq_robin, uniq_pikel
D:5:      layout_basic, mainiacjoe_overflow_surrounded_room,
          grunt_temple_overflow_open, mainiacjoe_overflow_concentric_impassable,
          kennysheep_windowed_goal, uniq_ijyb
D:6:      layout_loops_ring, marbit_many_paths, minmay_temple_entry_glass,
          st_stairs_1, minmay_misc_feat_room, uniq_prince_ribbit1
D:7:      layout_cave_pods
D:8:      gammafunk_corrupted_shrine, layout_loops_ring, led_sif_pool,
          tso_oasis_becter, lemuel_flamethrower_2
D:9:      layout_roguey [special_room_orc], mainiacjoe_overflow_24_doors,
          nicolae_overflow_two_pavilions
D:10:     minmay_statue_hallways, layout_basic, nicolae_uskayaw_en_pointe,
          erik_lair_orcish_takeover, minmay_misc_feat_doors,
          minmay_dual_archer_statues, uniq_maurice
Temple:   zaba_magenta_temple
Lair:1:   layout_roguey, special_room [special_room_bee], serial_bayou_pond_d,
          serial_bayou_pond_e, minivault_24, chequers_serial_rivers_small_3,
          uniq_joseph
Lair:2:   layout_long_grid, minmay_shoals_entry_centaurs,
          spider_nest_entry_rubble, lemuel_fruit_fields
Shoals:1: cheibrodos_shoals_oceanic_diplomacy, layout_shoals, serial_shops, shop
Shoals:2: layout_shoals

Skill      XL: |  1  2  3  4  5  6  7  8  9 10 11 12 |
---------------+-------------------------------------+-----
Shields        | 4 5 6 7 8 |  8.4
Fighting       | 4 5 6 7 8 10 12 13 | 13.8
Armour         | 4 5 6 7 8 10 12 13 | 13.9
Axes           | 3 4 5 6 8 |  8.3
Throwing       | 1 2 3 4 |  4.0
Evocations     | 1 3 4 |  4.0
Maces & Flails | 1 6 9 11 | 11.0

Action                   |  1- 3 |  4- 6 |  7- 9 | 10-12 || total
-------------------------+-------+-------+-------+-------++-------
Melee: War axe           |    89 |   141 |   346 |       ||   576
       Headbutt          |    18 |    21 |    67 |   147 ||   253
       Morningstar       |       |       |    24 |   733 ||   757
Throw: Javelin           |       |     9 |       |       ||     9
       Dart              |       |       |     1 |       ||     1
Evoke: Wand              |       |       |     1 |     4 ||     5
  Use: Scroll            |     5 |     7 |    12 |     9 ||    33
       Potion            |       |       |     2 |    15 ||    17
Armor: Scale mail        |    32 |    79 |    45 |       ||   156
       Chain mail        |       |       |    52 |       ||    52
       Plate armour      |       |       |    29 |   483 ||   512
Dodge: Dodged            |    43 |    72 |    76 |   224 ||   415
Block: Buckler           |    19 |    21 |       |       ||    40
       Kite shield       |       |    26 |   223 |   442 ||   691

Table legend: (Time is in decaauts)
 A = Elapsed time spent in this place.
 B = Non-inter-level travel time spent in this place.
 C = Inter-level travel time spent in this place.
 D = Time resting spent in this place.
 E = Time spent auto-exploring this place.
 F = Levels seen in this place.
 G = Mean time per level.
                   A        B        C        D        E       F      G
               +--------+--------+--------+--------+--------+-----+--------+
         Total |  19710 |  19381 |    329 |   8714 |   4593 |  16 | 1231.9 |
       Dungeon |  11890 |  11561 |    329 |   3851 |   3920 |  10 | 1189.0 |
        Temple |     75 |     75 |      0 |      0 |      0 |   1 |   75.0 |
          Lair |   5311 |   5311 |      0 |   3092 |    575 |   2 | 2655.5 |
        Shoals |   2033 |   2033 |      0 |   1608 |      0 |   2 | 1016.5 |
         Sewer |    398 |    398 |      0 |    163 |     98 |   1 |  398.0 |
               +--------+--------+--------+--------+--------+-----+--------+

Top non-repeatable levels by time:
  Lair:2: 3296 daAuts
  Lair:1: 2015 daAuts
     D:5: 1844 daAuts
     D:6: 1434 daAuts
Shoals:1: 1338 daAuts
     D:3: 1317 daAuts
     D:1: 1307 daAuts
     D:8: 1112 daAuts
     D:9: 1108 daAuts
     D:7: 1096 daAuts
    D:10: 981 daAuts
     D:4: 897 daAuts
     D:2: 790 daAuts
Shoals:2: 694 daAuts
   Sewer: 398 daAuts
